 Dungeon Crawl Stone Soup version 0.30-a0-691-g754fce4c43 (webtiles) character file.

Game seed: 786238761829319357

59 kae the Insei (level 3, -2/26 HPs)
             Began as a Demonspawn Transmuter on Jan 19, 2023.
             Slain by a gnoll
             ... wielding a +0 flail
              (10 damage)
             ... on level 2 of the Dungeon.
             The game lasted 00:01:59 (1297 turns).

kae the Insei (Demonspawn Transmuter)               Turns: 1297, Time: 00:01:59

Health: -2/26      AC:  2    Str: 10    XL:     3   Next: 78%
Magic:  2/6        EV: 12    Int: 16    God:
Gold:   38         SH:  4    Dex: 13    Spells: 1/7 levels left

rFire   . . .      SeeInvis .      - Unarmed
rCold   . . .      Faith    .    (no shield)
rNeg    . . .      Spirit   .    a - +0 robe
rPois   .          Reflect  .    (no helmet)
rElec   .          Harm     .    (no cloak)
rCorr   .          Rampage  .    (no gloves)
Will    .....                    (no boots)
Stlth   +                        A - amulet of the acrobat
HPRegen 0.24/turn                (no ring)
MPRegen 0.10/turn                (no ring)

@: attractive, very slightly contaminated, hasted, very quick
A: hooves 1, condensation shield
a: no special abilities


You were on level 2 of the Dungeon.
You visited 1 branch of the dungeon, and saw 2 of its levels.

You collected 38 gold pieces.


Innate Abilities, Weirdness & Mutations

You have large cloven feet.
A meltable shield of frost defends you. (SH +4)


   Skills:
 - Level 1.0 Fighting
 - Level 1.7 Dodging
 + Level 3.1 Unarmed Combat
 + Level 2.5 Spellcasting
 * Level 2.9 Transmutations
 * Level 0.4 Poison Magic


You had one spell level left.
You knew the following spells:

 Your Spells              Type           Power      Damage    Failure   Level
a - Beastly Appendage     Tmut           22%        N/A       6%          1
b - Wereblood             Tmut           11%        N/A       9%          2
c - Spider Form           Tmut/Pois      7%         N/A       30%         3

Your spell library contained the following spells:

 Spells                   Type           Power      Damage    Failure   Level
 Sandblast                Erth           4%         2d4       21%         1
 Passwall                 Tmut/Erth      5%         N/A       16%         2
 Stone Arrow              Conj/Erth      4%         3d7       52%         3
 Ice Form                 Ice/Tmut       6%         N/A       71%         4

Inventory:

Missiles
 c - 3 stones
Armour
 a - a +0 robe (worn)
Jewellery
 A - an amulet of the acrobat (around neck)
   (You found it on level 1 of the Dungeon)
Scrolls
 e - a scroll of fear
 g - 3 scrolls of magic mapping {!r}
 h - a scroll of teleportation {unknown}
 j - a scroll of immolation {unknown}
Potions
 b - a potion of lignification {!q}
 i - 2 potions of curing {unknown}

Dungeon Overview and Level Annotations

Branches:
Dungeon (2/15) Zot: 10702

Altars:

.# #.# .#
#.#.# #.#.#
#.#.# #.#g#
########.#g#
#.....##.#g#
#.###.##.#g#
#.# #....#@#
#.########.#
#..........#
############


You could see 4 gnolls.


Message History

😎 HP[+4] MP[+1]
Your hp is fully restored (26).
Your mp is fully restored (6).
There is a stone staircase leading down here.
You open the door.
There is an open door here.
Key pressed, stopping explore.
Unknown command.
j - a scroll labelled LOOSET YB KOKK A worm comes into view.
A worm is nearby!
A worm is nearby!
The worm completely misses you.
You hit the worm.
Casting: Beastly Appendage (safe; 6% risk of failure)
Confirm with . or Enter, or press ? or * to list all spells.
You grow a pair of large bovine horns.
Your feet morph into talons.
The worm bites you. 😕 HP[-5] MP[-1]
You take 5 damage, and now have 21/26 hp.
You lost 1 mp, and now have 5/6 mp.
You hit the worm but do no damage. You headbutt the worm. The worm bites you!
You are too injured to fight recklessly! 😮 HP[-6]
You take 6 damage, and now have 15/26 hp.
MASSIVE DAMAGE!! (PAUSE) Unknown command.
You hit the worm. You claw the worm, but do no damage.
You barely miss the worm. Your headbutt misses the worm.
You block the worm's attack.
Unknown command.
You barely miss the worm. You claw the worm. You barely miss the worm.
You claw the worm. The worm closely misses you. 😮 HP[+1]
You hit the worm.
You kill the worm! 😮 MP[+1]
Your mp is fully restored (6).
Unknown command.
Your transformation is almost over.
Your horns disappear.
Your talons disappear.
A gnoll comes into view. It is wielding a +0 flail.
The gnoll shouts! 😎 HP[+10]
Your hp is fully restored (26).
A gnoll is nearby!
Unknown command.
A gnoll is nearby!
Unknown command.
A gnoll is nearby!
A gnoll is nearby!
A gnoll comes into view. It is wielding a +0 spear.
The gnoll moves out of view.
A gnoll comes into view. It is wielding a +0 spear.
Casting: Beastly Appendage (safe; 6% risk of failure)
Confirm with . or Enter, or press ? or * to list all spells.
You miscast Beastly Appendage.
You are very lightly contaminated with residual magic.
Nothing appears to happen.
The gnoll shouts!
You hear a shout! 😎 MP[-1]
You lost 1 mp, and now have 5/6 mp.
Casting: Beastly Appendage (safe; 6% risk of failure)
Confirm with . or Enter, or press ? or * to list all spells.
The spell is extremely dangerous to miscast (30% risk of failure)!
Continue anyway? [Y]es or [N]o only, please.
The spell is extremely dangerous to miscast (30% risk of failure)!
Continue anyway?
You miscast Spider Form.
Nothing appears to happen.
You block the gnoll's attack.
A gnoll comes into view. It is wielding a +0 whip. 😎 MP[-3]
You lost 3 mp, and now have 2/6 mp.
There are monsters nearby!
Unknown command.
Casting: Spider Form (extremely dangerous; 30% risk of failure)
Confirm with . or Enter, or press ? or * to list all spells.
You don't have enough magic to cast this spell.
You closely miss the gnoll.
The gnoll hits you with a +0 flail. 😕 HP[-5]
You take 5 damage, and now have 21/26 hp.
You hit the gnoll but do no damage. You kick the gnoll, but do no damage.
The gnoll hits you with a +0 flail!
* * * LOW HITPOINT WARNING * * *
😨 HP[-9]
You take 9 damage, and now have 12/26 hp.
MASSIVE DAMAGE!! (PAUSE)
You hit the gnoll. You kick the gnoll. The gnoll closely misses you.
The gnoll barely misses you.
You hit the gnoll. Your kick misses the gnoll. The gnoll barely misses you.
The gnoll hits you with a +0 flail.
* * * LOW HITPOINT WARNING * * *
😨 HP[-2]
You take 2 damage, and now have 10/26 hp.
It was a potion of haste.
You feel yourself speed up. The gnoll closely misses you.
You block the gnoll's attack.
It was a potion of attraction.
You feel attractive to monsters.
The gnoll hits you from afar with a +0 spear.
* * * LOW HITPOINT WARNING * * *
The gnoll hits you with a +0 flail!
You die...

Skill      XL: |  1  2 |
---------------+-------+-----
Transmutations | 2 |  2.9
Unarmed Combat | 3 |  3.1
Fighting       | |  1.0
Dodging        | |  1.7
Spellcasting   | |  2.5
Poison Magic   | |  0.4

Action                   || total
-------------------------++-------
Melee: Unarmed           ||    65
       Headbutt          ||     9
       Kick              ||    15
 Cast: Beastly Appendage ||    15
       Spider Form       ||     1
  Use: Scroll            ||     5
       Potion            ||     2
Armor: Robe              ||     2
       Skin              ||     2
Dodge: Dodged            ||    30
Block: Other             ||     9

Levels and vault maps discovered:
D:1:      saegor_arrival_miasma, layout_basic, minmay_tree_intersection
D:2:      layout_basic, dreamdust_ecumenical_altar_drowned_temple

Notes
Turn   | Place    | Note
-------+----------+-------------------------------------------
     0 | D:1      | kae the Demonspawn Transmuter began the quest for the Orb.
     0 | D:1      | Reached XP level 1. HP: 15/15 MP: 3/3
     0 | D:1      | magus.rc [v1.11.3]
    38 | D:1      | Reached skill level 2 in Transmutations
   222 | D:1      | Gained mutation: A meltable shield of frost defends you.
                  | (SH +4) [demonic ancestry]
   222 | D:1      | Reached XP level 2. HP: 21/21 MP: 3/5
   289 | D:1      | You pick up a book of Geomancy and begin reading...
   289 | D:1      | You add the spells Sandblast, Passwall and Stone Arrow to
                  | your library.
   580 | D:1      | Learned a level 2 spell: Wereblood
   615 | D:1      | Reached skill level 3 in Unarmed Combat
   615 | D:1      | Lost mutation: You have razor-sharp toenails. [demonic
                  | ancestry]
   615 | D:1      | Lost mutation: You have sharp toenails. [demonic ancestry]
   615 | D:1      | Gained mutation: You have large cloven feet. [demonic
                  | ancestry]
   615 | D:1      | Reached XP level 3. HP: 16/26 MP: 6/6
   643 | D:1      | Learned a level 3 spell: Spider Form
   962 | D:2      | Found a faded altar of an unknown god.
  1297 | D:2      | Slain by a gnoll

Vanquished Creatures
  A hound (D:1)
  2 worms (D:2)
  A dart slug (D:1)
  2 endoplasms (D:1)
  A giant cockroach (D:1)
  2 hobgoblins
  2 quokkas (D:2)
  2 ball pythons (D:2)
  A frilled lizard (D:1)
  3 goblins (D:2)
  2 kobolds
  2 rats
  A spectral hobgoblin (D:2)
22 creatures vanquished.

Table legend:
 A = Non-vault XP
 B = Vault XP
 C = Vault XP percentage of total XP
 D = Non-vault monster count
 E = Vault monster count
 F = Vault count percentage of total count
                 A         B        C        D         E       F
            +---------+---------+-------+---------+---------+-------
      Total |      84 |       1 |   1.2 |      21 |       1 |   4.5
            +---------+---------+-------+---------+---------+-------
        D:1 |      58 |       0 |   0.0 |       9 |       0 |   0.0
        D:2 |      26 |       1 |   3.7 |      12 |       1 |   7.7
            +---------+---------+-------+---------+---------+-------

Illustrated notes

Table legend:
 A = Kills in this place as a percentage of kills in entire the game.
 B = Kills by you in this place as a percentage of kills by you in the entire game.
 C = Kills by friends in this place as a percentage of kills by friends in the entire game.
 D = Other kills in this place as a percentage of other kills in the entire game.
 E = Experience gained in this place as a percentage of experience gained in the entire game.
 F = Experience gained in this place divided by the number of levels of this place that you have seen.
                   A       B       C       D       E      F
               +-------+-------+-------+-------+-------+----------------------
         Total | 100.0 | 100.0 |   N/A |   N/A | 100.0 |  42.5
       Dungeon | 100.0 | 100.0 |   N/A |   N/A | 100.0 |  42.5
               +-------+-------+-------+-------+-------+----------------------

Table legend: (Time is in decaauts)
 A = Elapsed time spent in this place.
 B = Non-inter-level travel time spent in this place.
 C = Inter-level travel time spent in this place.
 D = Time resting spent in this place.
 E = Time spent auto-exploring this place.
 F = Levels seen in this place.
 G = Mean time per level.
                   A        B        C        D        E       F      G
               +--------+--------+--------+--------+--------+-----+--------+
         Total |   1297 |   1279 |     18 |     61 |   1018 |   2 |  648.5 |
       Dungeon |   1297 |   1279 |     18 |     61 |   1018 |   2 |  648.5 |
               +--------+--------+--------+--------+--------+-----+--------+

Top non-repeatable levels by time:
     D:1: 702 daAuts
     D:2: 595 daAuts
